Map: Emerald City LE

Players

DavidFromWpg - Winner!

  • Race: Zerg Zerg
  • Spawn Location: 5:00

Throwfordays - Winner!

  • Race: Protoss Protoss
  • League: Silver
  • Spawn Location: 5:00

VOD

Have the link to the VOD?

Description

Time

  • Played on: June 29, 2020, 9:27 p.m.
  • Length: 20:05
Show
View Real Time Build Order
Export as new Build Order

DavidFromWpg Zerg - Winner!

Build Orders:  

Get SALT Encoding   

  12  0:07  Drone  
  13  0:32  Drone  
  14  0:45  Extractor  
  13  0:51  Overlord  
  13  1:27  Drone  
  14  1:33  Drone  
  14  1:34  Drone  
  16  2:39  Evolution Chamber  
  15  2:57  Drone  
  16  3:43  Spawning Pool  
  15  4:21  Overlord  
  15  4:37  Hatchery  
  15  4:38  Extractor  
  13  4:54  Zergling x2  
  13  4:59  Zergling x4  
  16  5:29  Zergling x4  
  18  6:09  Queen, Metabolic Boost  
  15  7:36  Drone  
  15  7:38  Drone  
  15  7:39  Drone  
  18  8:21  Lair  
  18  8:31  Drone  
  18  8:32  Drone x2  
  21  8:48  Overlord  
  21  8:51  Drone x2  
  23  9:26  Drone x3  
  26  9:38  Extractor  
  25  10:23  Hydralisk Den  
  24  10:32  Drone  
  24  10:33  Drone x2  
  27  11:09  Hydralisk x4  
  35  11:10  Hydralisk x2  
  39  11:32  Overlord  
  39  11:53  Hydralisk x2  
  43  12:30  Hydralisk x3  
  43  12:38  Hydralisk  
  51  13:15  Overlord  
  51  13:25  Unknown  
  51  14:04  Drone  
  51  14:06  Drone  
  51  14:07  Hydralisk  
  55  14:14  Hydralisk x2  
  59  14:56  Spine Crawler  
  58  15:05  Unknown  
  58  15:08  Spine Crawler  
  55  17:49  Hydralisk  
  57  17:50  Hydralisk  
  57  17:56  Overlord  
  59  18:04  Overlord  
Show
View Real Time Build Order
Export as new Build Order

Throwfordays Protoss - Winner!

Build Orders:  

Get SALT Encoding   

  12  0:04  Probe (Chrono Boost)  
  14  0:21  Probe (Chrono Boost)  
  14  0:36  Pylon  
  14  0:38  Probe (Chrono Boost)  
  15  1:04  Probe (Chrono Boost)  
  15  1:05  Gateway  
  17  1:20  Forge  
  17  1:21  Probe (Chrono Boost)  
  17  1:31  Assimilator  
  17  1:38  Probe (Chrono Boost)  
  17  1:39  Pylon  
  18  1:55  Probe (Chrono Boost)  
  20  2:12  Probe (Chrono Boost)  
  20  2:19  Cybernetics Core  
  20  2:33  Assimilator  
  20  2:36  Probe (Chrono Boost)  
  21  2:53  Probe (Chrono Boost)  
  22  3:10  Probe (Chrono Boost)  
  22  3:27  Probe (Chrono Boost)  
  23  3:30  Nexus  
  23  3:48  Pylon  
  23  3:55  Photon Cannon  
  23  3:59  Photon Cannon  
  23  4:20  Probe (Chrono Boost)  
  24  4:31  Probe (Chrono Boost)  
  25  4:43  Gateway  
  25  4:44  Probe (Chrono Boost)  
  27  5:01  Probe (Chrono Boost)  
  27  5:11  Warp Gate  
  27  5:18  Probe (Chrono Boost)  
  28  5:20  Gateway  
  28  5:26  Probe (Chrono Boost)  
  29  5:35  Probe (Chrono Boost)  
  29  5:37  Probe (Chrono Boost)  
  31  5:51  Assimilator, Probe (Chrono Boost)  
  31  5:52  Probe (Chrono Boost)  
  33  6:00  Assimilator  
  33  6:08  Probe (Chrono Boost)  
  33  6:09  Probe (Chrono Boost)  
  35  6:25  Probe (Chrono Boost)  
  35  6:26  Probe (Chrono Boost)  
  38  6:42  Probe (Chrono Boost)  
  38  6:43  Probe (Chrono Boost)  
  39  6:51  Gateway  
  39  6:55  Protoss Ground Weapons Level 1, Stargate  
  39  7:02  Twilight Council  
  39  7:08  Forge  
  39  7:14  Probe (Chrono Boost)  
  39  7:19  Probe (Chrono Boost)  
  41  7:21  Pylon  
  42  7:31  Probe (Chrono Boost)  
  42  7:36  Probe (Chrono Boost)  
  43  7:42  Nexus  
  43  7:43  Stalker x2  
  43  7:44  Stalker  
  43  7:45  Pylon  
  43  7:48  Probe (Chrono Boost)  
  50  7:53  Probe (Chrono Boost)  
  51  8:09  Protoss Ground Armor Level 1  
  51  8:26  Photon Cannon  
  51  8:31  Photon Cannon  
  51  8:34  Photon Cannon  
  51  8:41  Assimilator  
  51  8:46  Probe (Chrono Boost)  
  51  8:48  Assimilator  
  53  8:52  Probe (Chrono Boost)  
  53  9:03  Probe (Chrono Boost)  
  53  9:09  Probe (Chrono Boost)  
  56  9:20  Probe (Chrono Boost)  
  56  9:26  Probe (Chrono Boost)  
  57  9:37  Probe (Chrono Boost)  
  58  9:43  Probe (Chrono Boost)  
  58  9:47  Probe (Chrono Boost)  
  59  9:54  Probe (Chrono Boost)  
  59  9:56  Stalker x2  
  59  9:57  Stalker  
  59  9:59  Probe x2 (Chrono Boost)  
  68  10:00  Stalker  
  71  10:12  Probe (Chrono Boost)  
  71  10:18  Unknown  
  72  10:42  Protoss Ground Weapons Level 2  
  72  11:09  Probe (Chrono Boost)  
  73  11:14  Probe (Chrono Boost)  
  74  11:22  Sentry  
  74  11:23  Sentry x2, Protoss Ground Armor Level 2  
  74  11:24  Sentry  
  74  11:26  Probe (Chrono Boost)  
  84  11:31  Probe (Chrono Boost)  
  84  11:43  Probe (Chrono Boost)  
  85  11:53  Pylon  
  85  11:54  Pylon  
  85  11:55  Pylon  
  85  11:56  Blink  
  86  12:20  Probe (Chrono Boost)  
  86  12:37  Probe (Chrono Boost)  
  87  14:16  Charge  
  87  14:22  Pylon  
  87  14:28  Pylon  
  87  14:32  Pylon  
  87  14:36  Pylon  
  87  14:39  Protoss Ground Weapons Level 3  
  87  14:41  Protoss Ground Armor Level 3  
  87  14:44  Pylon  
  87  14:51  Pylon  
  87  15:27  Nexus  
  87  15:30  Assimilator  
  87  15:38  Assimilator  
  87  16:03  Adept  
  87  16:04  Adept x3  
  95  16:54  Templar Archives  
  95  16:56  Dark Shrine  
  95  17:09  Probe (Chrono Boost)  
  96  17:14  Probe (Chrono Boost)  
  97  17:26  Probe (Chrono Boost)  
  99  17:31  Probe (Chrono Boost)  
  99  17:43  Probe (Chrono Boost)  
  100  18:26  Unknown x4  
Tags
 
League
Silver
Matchup
Co-op
Replay Pack
Multiplayer
Add a new tag
Caveats
  • Supply blocks, unpowered buildings, or Contaminate may cause inaccurate times.
  • Supply counts are checked every 10 seconds.